 Dungeon Crawl Stone Soup version 0.29-a0-1016-g236c7fd91e (webtiles) character file.

Game seed: 2022201602972717689

379 roflturtle the Conjurer (level 6, 0/32 HPs)
             Began as a Tengu Fire Elementalist on Aug 9, 2022.
             Slain by a hound (2 damage)
             ... on level 4 of the Dungeon.
             The game lasted 00:10:02 (4210 turns).

roflturtle the Conjurer (Tengu Fire Elementalist)   Turns: 4210, Time: 00:10:03

Health: 0/32       AC:  2    Str:  8    XL:     6   Next: 74%
Magic:  7/13       EV: 18    Int: 18    God:
Gold:   194        SH:  0    Dex: 14    Spells: 7/13 levels left

rFire   . . .      SeeInvis .   c - +0 short sword
rCold   + . .      Faith    .   (no shield)
rNeg    . . .      Spirit   .   a - +0 robe
rPois   .          Reflect  .   (helmet restricted)
rElec   .          Harm     .   (no cloak)
rCorr   .          Rampage  .   (no gloves)
Will    .....                   (boots unavailable)
Stlth   ++........              (no amulet)
HPRegen 0.10/turn               g - ring of protection from cold
MPRegen 0.13/turn               q - +4 ring of evasion

@: flying quickly and evasively, quick
A: beak, talons 3, nimble flight
a: no special abilities


You were on level 4 of the Dungeon.
You visited 1 branch of the dungeon, and saw 4 of its levels.

You collected 194 gold pieces.

Inventory:

Hand Weapons
 c - a +0 short sword (weapon)
 n - a +2 quarterstaff of chaos
Armour
 a - a +0 robe (worn)
Jewellery
 g - a ring of protection from cold (left hand)
 q - a +4 ring of evasion (right hand)
Scrolls
 d - a scroll of fog {unknown}
 e - a scroll of blinking {unknown}
 f - 4 scrolls of teleportation {unknown}
 j - a scroll of vulnerability {unknown}
 o - 3 scrolls of identify {unknown}
Potions
 b - a potion of magic
 h - a potion of haste {unknown}
 i - 2 potions of curing
 k - a potion of lignification {unknown}
 l - a potion of mutation {unknown}
 m - a potion of ambrosia {unknown}
 p - 2 potions of heal wounds {unknown}
 r - a potion of resistance {unknown}


   Skills:
 - Level 2.1 Dodging
 - Level 2.0 Stealth
 - Level 4.0 Spellcasting
 - Level 6.0 Conjurations
 + Level 4.6 Fire Magic


You had 7 spell levels left.
You knew the following spells:

 Your Spells              Type           Power      Damage    Failure   Level
a - Foxfire               Conj/Fire      88%        2x1d8     1%          1
b - Scorch                Fire           40%        2d7       3%          2
c - Inner Flame           Hex/Fire       11%        N/A       17%         3

Your spell library contained the following spells:

 Spells                   Type           Power      Damage    Failure   Level
 Conjure Flame            Conj/Fire      22%        6-21      4%          3
 Flame Wave               Conj/Fire      22%        2d8       16%         4
 Confusing Touch          Hex            3%         N/A       41%         3
 Yara's Violent Unravell  Hex/Tmut       1%         3d3       99%         5
 Enfeeble                 Hex            1%         N/A       100%        7


Dungeon Overview and Level Annotations

Branches:
Dungeon (4/15)
 Temple: D:4-7

Altars:

Shops:
D:4 [!

Portals:
Sewer: D:4


Innate Abilities, Weirdness & Mutations

You have a beak for a mouth.
You have claws for feet.
Your magical nature lets you fly swiftly and evasively.


Message History

You see here a river rat corpse.
You are too injured to fight recklessly!
Casting: Foxfire (safe; 1% risk of failure)
Press: ? - help, Q - select action, (/) - cycle Dir - look around, f - activate You conjure some foxfire!
The hound bites you but does no damage. The hound closely misses you.
You hit the hound but do no damage. Your peck misses the hound.
The foxfire hits the hound.
The hound is lightly wounded.
The foxfire hits the hound.
The hound is moderately wounded.
The hound misses you.
Casting: Foxfire (safe; 1% risk of failure)
Press: ? - help, Q - select action, (/) - cycle Dir - look around, f - activate You conjure some foxfire!
The hound misses you. The hound bites you but does no damage.
You closely miss the hound.
The hound is moderately wounded.
The foxfire hits the hound but does no damage.
The hound is moderately wounded.
The foxfire hits the hound but does no damage.
The hound is moderately wounded.
The hound bites you.
* * * LOW HITPOINT WARNING * * *
The hound misses you.
Casting: Foxfire (safe; 1% risk of failure)
Press: ? - help, Q - select action, (/) - cycle Dir - look around, f - activate You conjure some foxfire!
The hound barely misses you.
You closely miss the hound. You claw the hound, but do no damage.
You peck the hound, but do no damage.
The hound is moderately wounded.
The foxfire hits the hound.
The hound is moderately wounded.
The foxfire hits the hound.
The hound is moderately wounded.
The hound bites you.
* * * LOW HITPOINT WARNING * * *
The hound bites you.
You die...

.........[...#∩~~w...
.....###.#...#~~~~...
..... #.....#~~~....
#### ##.∩..#~~~...
#....#~~...#
##...††#...#
##.........#
####.......####
#.wh@.$.......#
#.##.......[#.#
###.###........∩..
#####.w.#
##......#$##
##.......##
####.....#
##>....(...## ....##
#.......?...# ....#
#...........#####. ..
#............K.....


You could see a worm and a hound.

Vanquished Creatures
  Grinder (D:3)
  Crazy Yiuf (D:2)
  3 adders (D:2)
  3 river rats (D:4)
  2 worms (D:3)
  5 dart slugs
  5 orcs (D:3)
  9 endoplasms
  3 giant cockroaches
  7 goblins
  11 hobgoblins
  3 quokkas (D:1)
  3 ball pythons
  8 bats
  3 frilled lizards (D:1)
  7 kobolds
  3 rats
77 creatures vanquished.

Vanquished Creatures (others)
  236 foxfires
236 creatures vanquished.

Grand Total: 313 creatures vanquished

Notes
Turn   | Place    | Note
-------+----------+-------------------------------------------
     0 | D:1      | roflturtle the Tengu Fire Elementalist began the quest for
                  | the Orb.
     0 | D:1      | Reached XP level 1. HP: 10/10 MP: 4/4
    30 | D:1      | Reached skill level 2 in Conjurations
   141 | D:1      | Reached XP level 2. HP: 15/15 MP: 3/6
   623 | D:1      | Reached XP level 3. HP: 19/19 MP: 5/8
   982 | D:1      | Found a faded altar of an unknown god.
  1406 | D:2      | Learned a level 2 spell: Scorch
  1410 | D:2      | Learned a level 3 spell: Inner Flame
  1623 | D:2      | Reached XP level 4. HP: 18/24 MP: 4/10
  2377 | D:2      | Found a runed translucent door.
  2378 | D:2      | Noticed Crazy Yiuf
  2414 | D:2      | Killed Crazy Yiuf
  2960 | D:3      | Gained mutation: Your magical nature lets you fly swiftly
                  | and evasively. [Tengu growth]
  2960 | D:3      | Reached XP level 5. HP: 28/28 MP: 9/12
  3268 | D:3      | Noticed Grinder
  3316 | D:3      | Killed Grinder
  3317 | D:3      | Reached skill level 6 in Conjurations
  3317 | D:3      | Reached XP level 6. HP: 20/32 MP: 0/13
  4146 | D:4      | Found Puetzesu's Armour Emporium.
  4155 | D:4      | Found Iguoqoc's Distillery.
  4157 | D:4      | Found a glowing drain.
  4210 | D:4      | Slain by a hound

Illustrated notes

Levels and vault maps discovered:
D:1:      shiori_arrival_maze, layout_basic, ebering_ecumenical_altar_webs,
          minmay_pentomino_v2
D:2:      layout_basic, uniq_crazy_yiuf_cottage
D:3:      minmay_inner_zag, layout_loops_cross, uniq_grinder
D:4:      layout_rooms, serial_shops, nicolae_shop_waterfront, shop,
          nicolae_shop_crystal, nicolae_shop_temple_entry_statues_fountains,
          portal_sewer_entry_b, nicolae_shop_firing_range

Skill      XL: |  1  2  3  4  5 |
---------------+----------------+-----
Conjurations   | 2 6 |  6.0
Spellcasting   | 3 4 |  4.0
Fire Magic     | 4 |  4.6
Dodging        | |  2.1
Stealth        | |  2.0

Action                   |  1- 3 |  4- 6 || total
-------------------------+-------+-------++-------
Melee: Unarmed           |     6 |       ||     6
       Kick              |     8 |     5 ||    13
       Short sword       |    21 |    24 ||    45
       Peck              |     4 |     5 ||     9
 Cast: Foxfire           |    61 |    91 ||   152
       Scorch            |       |     7 ||     7
  Use: Potion            |       |     1 ||     1
 Stab: Sleeping          |     2 |       ||     2
Armor: Robe              |     7 |     9 ||    16
Dodge: Dodged            |    32 |    39 ||    71

Table legend: (Time is in decaauts)
 A = Elapsed time spent in this place.
 B = Non-inter-level travel time spent in this place.
 C = Inter-level travel time spent in this place.
 D = Time resting spent in this place.
 E = Time spent auto-exploring this place.
 F = Levels seen in this place.
 G = Mean time per level.
                   A        B        C        D        E       F      G
               +--------+--------+--------+--------+--------+-----+--------+
         Total |   4149 |   4002 |    147 |      0 |   3497 |   4 | 1037.2 |
       Dungeon |   4149 |   4002 |    147 |      0 |   3497 |   4 | 1037.2 |
               +--------+--------+--------+--------+--------+-----+--------+

Top non-repeatable levels by time:
     D:2: 1456 daAuts
     D:1: 1387 daAuts
     D:3: 1196 daAuts
     D:4: 109 daAuts
